Map: [ESL] Alcyone

Players

GunGFuBanDa

  • Race: Protoss Protoss
  • Spawn Location: 1:00

goblin - Winner!

  • Race: Protoss Protoss
  • Spawn Location: 7:00

Event: ESL SC2 Masters 2024 Spring (Regional)

VOD

Have the link to the VOD?

Description

Time

  • Played on: April 27, 2024, 9:32 a.m.
  • Length: 9:33

All games in this series

Show
View Real Time Build Order
Export as new Build Order

GunGFuBanDa Protoss 

Build Orders: Blink Stalkers 

Get SALT Encoding   

  12  0:01  Probe  
  13  0:13  Probe  
  14  0:18  Pylon  
  14  0:25  Probe (Chrono Boost)  
  15  0:37  Probe (Chrono Boost), Gateway  
  16  0:45  Probe (Chrono Boost)  
  16  0:47  Assimilator  
  17  0:52  Probe  
  17  0:55  Assimilator  
  19  1:04  Probe (Chrono Boost)  
  19  1:08  Gateway  
  19  1:13  Probe (Chrono Boost)  
  19  1:18  Probe (Chrono Boost)  
  20  1:25  Cybernetics Core  
  21  1:30  Probe  
  22  1:36  Pylon  
  22  1:42  Probe  
  23  1:54  Probe  
  23  2:00  Sentry  
  23  2:01  Warp Gate, Stalker  
  28  2:06  Probe  
  29  2:15  Pylon  
  28  2:34  Nexus  
  28  2:37  Sentry  
  28  2:39  Sentry  
  28  2:43  Probe (Chrono Boost)  
  34  2:52  Probe (Chrono Boost)  
  34  2:57  Probe (Chrono Boost)  
  34  3:01  Twilight Council  
  35  3:09  Pylon, Probe  
  36  3:21  Probe (Chrono Boost)  
  37  3:31  Blink (Chrono Boost)  
  37  3:33  Probe (Chrono Boost)  
  38  3:38  Probe (Chrono Boost)  
  39  3:48  Probe (Chrono Boost)  
  41  3:50  Stalker x2  
  41  3:53  Probe (Chrono Boost)  
  45  3:57  Probe (Chrono Boost)  
  45  4:01  Probe (Chrono Boost)  
  45  4:02  Probe (Chrono Boost)  
  48  4:12  Probe  
  48  4:13  Stalker  
  48  4:14  Stalker, Probe  
  54  4:19  Robotics Facility  
  54  4:24  Probe  
  55  4:26  Probe  
  56  4:32  Pylon  
  56  4:37  Stalker, Probe  
  56  4:38  Stalker, Probe  
  62  4:44  Assimilator  
  62  4:54  Nexus  
  62  4:55  Probe  
  63  5:01  Stalker x2  
  63  5:03  Probe  
  68  5:07  Probe  
  68  5:11  Observer  
  68  5:12  Pylon  
  70  5:27  Pylon  
  70  5:30  Probe x2  
  68  5:36  Stalker x2  
  59  5:52  Probe x2 (Chrono Boost)  
  58  5:59  Stalker  
  58  6:00  Stalker  
  58  6:01  Probe (Chrono Boost)  
  58  6:02  Gateway x2  
  61  6:05  Probe (Chrono Boost)  
  61  6:09  Probe (Chrono Boost)  
  62  6:14  Probe (Chrono Boost)  
  62  6:17  Probe (Chrono Boost)  
  60  6:29  Stalker x2  
  64  6:38  Observer  
  62  6:40  Probe x2 (Chrono Boost)  
  62  6:42  Probe (Chrono Boost)  
  64  6:51  Probe (Chrono Boost)  
  64  6:53  Probe x2 (Chrono Boost)  
  68  7:03  Probe (Chrono Boost)  
  68  7:06  Probe x2 (Chrono Boost)  
  70  7:08  Forge  
  70  7:09  Stalker x2  
  70  7:12  Probe (Chrono Boost)  
  70  7:15  Probe x2 (Chrono Boost)  
  77  7:17  Probe (Chrono Boost)  
  77  7:19  Observer  
  77  7:21  Pylon  
  78  7:24  Adept x2  
  78  7:25  Probe  
  78  7:26  Probe  
  78  7:27  Charge  
  78  7:29  Probe  
  85  7:31  Pylon  
  85  7:37  Protoss Ground Weapons Level 1 (Chrono Boost)  
  85  7:42  Probe x3  
  88  7:44  Photon Cannon  
  88  7:45  Photon Cannon  
  88  7:47  Photon Cannon  
  88  7:53  Observer  
  88  7:55  Immortal (Chrono Boost)  
  92  8:03  Probe  
  91  8:05  Zealot x4  
  91  8:09  Gateway  
  91  8:11  Gateway  
  97  8:27  Warp Prism (Chrono Boost), Stalker x2  
  97  8:29  Gateway  
  97  8:31  Gateway  
  97  8:32  Pylon  
  103  8:39  Zealot x2  
  107  8:53  Nexus  
  107  8:54  Pylon, Templar Archives  
  107  8:55  Pylon  
  105  9:05  Zealot x5  
  111  9:13  Shield Battery  
  111  9:15  Shield Battery  
  88  9:25  Zealot x7  
  88  9:29  Zealot x8  
Show
View Real Time Build Order
Export as new Build Order

goblin Protoss - Winner!

Build Orders: Phoenix Opening, Archon Immortal 

Get SALT Encoding   

  12  0:00  Probe  
  13  0:12  Probe  
  14  0:16  Pylon  
  14  0:24  Probe (Chrono Boost)  
  15  0:36  Probe (Chrono Boost), Gateway  
  16  0:44  Probe (Chrono Boost)  
  16  0:46  Assimilator  
  17  0:51  Probe  
  17  0:54  Assimilator  
  18  1:03  Probe (Chrono Boost)  
  19  1:08  Gateway  
  19  1:14  Probe (Chrono Boost)  
  20  1:18  Probe (Chrono Boost)  
  20  1:25  Cybernetics Core  
  21  1:29  Probe  
  22  1:34  Pylon  
  22  1:41  Probe  
  23  1:53  Probe  
  24  2:02  Sentry, Stalker  
  24  2:03  Warp Gate  
  24  2:05  Probe  
  24  2:08  Pylon  
  29  2:17  Probe  
  30  2:36  Nexus  
  29  2:37  Phoenix, Probe  
  29  2:41  Sentry  
  29  2:44  Sentry  
  34  2:54  Probe  
  35  2:58  Robotics Facility  
  35  3:08  Stalker  
  35  3:09  Probe  
  35  3:12  Pylon  
  38  3:14  Phoenix  
  38  3:22  Probe  
  39  3:27  Twilight Council  
  39  3:34  Probe (Chrono Boost)  
  40  3:43  Warp Prism (Chrono Boost)  
  40  3:46  Probe (Chrono Boost)  
  45  3:55  Probe x2 (Chrono Boost)  
  47  4:03  Probe (Chrono Boost)  
  47  4:04  Probe (Chrono Boost), Dark Shrine  
  47  4:08  Probe (Chrono Boost)  
  48  4:12  Probe  
  48  4:14  Phoenix  
  48  4:15  Immortal (Chrono Boost)  
  49  4:20  Probe  
  54  4:24  Probe  
  54  4:27  Pylon  
  55  4:32  Probe  
  56  4:42  Nexus  
  56  4:44  Probe x2  
  58  4:54  Immortal  
  58  4:58  Probe x2  
  64  5:04  Assimilator x2  
  64  5:10  Probe  
  64  5:11  Probe  
  64  5:12  Shield Battery  
  66  5:17  Dark Templar  
  66  5:19  Dark Templar  
  70  5:23  Pylon  
  70  5:25  Pylon  
  70  5:33  Probe  
  63  5:36  Probe  
  57  5:45  Probe  
  57  5:47  Immortal (Chrono Boost)  
  55  5:52  Probe  
  52  5:58  Probe (Chrono Boost)  
  52  6:00  Probe (Chrono Boost)  
  48  6:04  Probe (Chrono Boost), Dark Templar  
  48  6:10  Probe (Chrono Boost)  
  53  6:14  Probe (Chrono Boost)  
  53  6:15  Probe (Chrono Boost), Gateway x2  
  53  6:17  Pylon  
  55  6:20  Probe (Chrono Boost)  
  55  6:22  Probe (Chrono Boost)  
  55  6:24  Probe (Chrono Boost)  
  57  6:27  Probe x2 (Chrono Boost)  
  57  6:29  Dark Templar  
  57  6:30  Probe  
  62  6:36  Observer  
  62  6:37  Probe x2  
  61  6:42  Probe  
  62  6:48  Charge  
  62  6:49  Probe x2  
  64  6:54  Probe  
  64  6:55  Gateway  
  64  6:56  Gateway x2  
  64  6:59  Immortal (Chrono Boost)  
  64  7:01  Probe  
  66  7:04  Probe  
  66  7:07  Gateway  
  71  7:14  Probe  
  71  7:15  Templar Archives, Archon, Probe  
  73  7:16  Probe  
  73  7:19  Pylon  
  73  7:21  Sentry  
  76  7:23  Stalker  
  76  7:28  Immortal (Chrono Boost)  
  78  7:33  Zealot x2  
  78  7:34  Probe  
  87  7:40  Pylon  
  87  7:44  Probe  
  88  7:51  Stalker x3, Dark Templar  
  88  7:53  Probe  
  88  7:54  Probe  
  88  7:57  Probe  
  93  8:04  Zealot x2  
  94  8:06  Probe  
  94  8:12  Warp Prism (Chrono Boost)  
  96  8:18  Observer  
  96  8:22  High Templar x2  
  96  8:23  Zealot x4  
  96  8:26  Archon  
  108  8:29  Pylon  
  108  8:30  Zealot x2  
  112  8:36  Nexus  
  112  8:38  Observer (Chrono Boost)  
  113  8:45  Zealot x2  
  113  8:47  Zealot x2  
  121  8:53  Pylon  
  121  8:54  Pylon  
  119  9:08  Zealot  
  119  9:09  Zealot x3  
  125  9:14  Zealot x3  
  127  9:20  Probe x2  
Tags
 
Add a new tag
Caveats
  • Supply blocks, unpowered buildings, or Contaminate may cause inaccurate times.
  • Supply counts are checked every 10 seconds.